 Dungeon Crawl Stone Soup version 0.29-a0-320-g9f8742066b (webtiles) character file.

Game seed: 3708588734823080418

196 spaghetti the Ruffian (level 5, -2/32 HPs)
             Began as a Tengu Berserker on Apr 2, 2022.
             Was a Believer of Trog.
             Succumbed to an orc wizard's poison
             ... on level 3 of the Dungeon.
             The game lasted 00:02:44 (2245 turns).

spaghetti the Ruffian (Tengu Berserker)             Turns: 2245, Time: 00:02:45

Health: -2/32      AC:  4    Str: 19    XL:     5   Next: 74%
Magic:  6/6        EV: 14    Int:  8    God:    Trog [**....]
Gold:   116        SH:  3    Dex: 13    Spells: 4/4 levels left

rFire   . . .      SeeInvis +     - Unarmed
rCold   . . .      Faith    .   m - +0 buckler
rNeg    . . .      Spirit   .   a - +0 animal skin
rPois   .          Reflect  .   s - +1 hat {SInv}
rElec   .          Harm     .   q - +0 cloak
rCorr   .          Rampage  .   (no gloves)
Will    .....                   (boots unavailable)
Stlth   +.........              (no amulet)
HPRegen 0.10/turn               (no ring)
MPRegen 0.10/turn               (no ring)

@: lethally poisoned (-2 -> -14), on berserk cooldown, flying quickly and
evasively, quick
A: beak, talons 3, nimble flight
a: Renounce Religion, Berserk, Trog's Hand


You were on level 3 of the Dungeon.
You worshipped Trog.
Trog was pleased with you.
You visited 1 branch of the dungeon, and saw 3 of its levels.

You collected 116 gold pieces.


Innate Abilities, Weirdness & Mutations

You have a beak for a mouth.
You have claws for feet.
Your magical nature lets you fly swiftly and evasively.


   Skills:
 - Level 3.0 Fighting
 + Level 3.5 Throwing
 - Level 2.1 Armour
 - Level 2.1 Dodging
 + Level 5.4 Unarmed Combat


You had 4 spell levels left.
You didn't know any spells.
Your spell library was empty.

Inventory:

Hand Weapons
 p - the +3 mace of Terra Cotta {freeze, rN+ Dex+3, mace}
   (You found it on level 2 of the Dungeon)

   It freezes those it strikes, dealing additional cold damage.
   It can also slow down cold-blooded creatures.
   Dex:       It affects your dexterity (+3).
   rN:        It protects you from negative energy.
Missiles
 d - 34 stones (quivered) {throwing}
 k - 5 boomerangs {throwing}
 l - 6 javelins {throwing}
Armour
 a - a +0 animal skin (worn)
 m - a +0 buckler (worn)
   (You found it on level 2 of the Dungeon)
 q - a +0 cloak (worn)
   (You took it off Crazy Yiuf on level 2 of the Dungeon)
 s - a +1 hat of see invisible (worn)
   (You found it on level 3 of the Dungeon)
Magical Staves
 g - a staff of death {forbidden!astaff}
   (You found it on level 1 of the Dungeon)
Scrolls
 b - a scroll of vulnerability {unknown}
 c - a scroll of teleportation {unknown}
 e - 3 scrolls of identify {unknown}
 f - a scroll of amnesia {unknown}
 h - a scroll of magic mapping {unknown}
 n - a scroll of enchant weapon {unknown}
 o - a scroll of blinking {unknown}
 r - 3 scrolls of fear {unknown}
Potions
 i - a potion of berserk rage {unknown}
 j - a potion of cancellation

Dungeon Overview and Level Annotations

Branches:
Dungeon (3/15)

Altars:

....#. ..... .... #
...##.# ..... o.. ##
###S# .. #.@)# #.
#)### #.# #.# #.# #.#
.. #.# ##.#####
.#.##.
##.#####..#...#
...##. #
#.........#.>.#
#..##)
#.##..>####..#...#
#..##.
####.#....#####.#...#
#..##.


You could see an orc and a ball python.


Message History

The orc hits you from afar with a +0 trident. 😮 HP[-4]
You take 4 damage, and now have 32/48 hp.
You closely miss the orc priest. Your peck misses the orc priest.
The orc priest closely misses you. The orc barely misses you.
You punch the orc priest! You claw the orc priest!
You kill the orc priest!
Trog accepts your kill.
An adder comes into view.
The orc hits you with a +0 trident.
You see here a +0 falchion {long}. 😮 HP[-4]
You take 4 damage, and now have 28/48 hp.
You completely miss the orc.
A ball python comes into view.
You punch the orc!
You kill the orc!
Trog accepts your kill. 😮 HP[+1]
You closely miss the quokka. Your kick misses the quokka.
An orc comes into view. It is wielding a +0 hand axe.
The quokka bites you but does no damage.
You barely miss the quokka. You peck the quokka. The quokka bites you. 😮 HP[-1]
You take 1 damage, and now have 28/48 hp.
You punch the quokka!
You kill the quokka!
Trog accepts your kill.
You punch the adder! Your kick misses the adder. Your peck misses the adder.
The adder bites you but does no damage.
You punch the adder!
You kill the adder!
Trog accepts your kill.
A giant cockroach comes into view.
The orc hits you with a +0 club.
The orc wizard hits you but does no damage.
You are poisoned.
Things that are here:
a +0 trident {polearm}; a stone {throwing}; an adder corpse 😮 HP[-1]
You take 1 damage, and now have 27/48 hp.
You barely miss the orc wizard.
You feel sick. The orc barely misses you.
The orc wizard points at you and mumbles some strange words.
The magic dart hits you!
* * * LOW HITPOINT WARNING * * *
😨 HP[-12]
You take 12 damage, and now have 15/48 hp.
MASSIVE DAMAGE!! (PAUSE)
You barely miss the orc wizard.
You feel sick. 😨 HP[-2]
You take 2 damage, and now have 13/48 hp.
You barely miss the orc wizard. Your kick misses the orc wizard.
You feel sick.
The orc wizard hits you with a +2 dagger of venom.
* * * LOW HITPOINT WARNING * * *
You are lethally poisoned!
The orc hits you with a +0 club.
* * * LOW HITPOINT WARNING * * *
😱 HP[-3]
You take 3 damage, and now have 10/48 hp.
Unknown command.
Unknown command.
You barely miss the orc wizard. You claw the orc wizard!
* * * LOW HITPOINT WARNING * * *
You feel very sick. You block the orc's attack.
The orc wizard misses you. 😱 HP[-2]
You take 2 damage, and now have 8/48 hp.
You barely miss the orc wizard.
* * * LOW HITPOINT WARNING * * *
You feel sick. 😱 HP[-2]
You take 2 damage, and now have 6/48 hp.
Unknown command.
You hit the orc wizard.
You kill the orc wizard!
Trog accepts your kill.
Trog appreciates your killing of a magic user.
* * * LOW HITPOINT WARNING * * *
You feel sick. The orc completely misses you. 😱 HP[-2]
You take 2 damage, and now have 4/48 hp.
You are too berserk!
You hit the orc. You claw the orc.
You kill the orc!
Trog accepts your kill.
You are no longer berserk.
You are exhausted.
You feel yourself slow down.
* * * LOW HITPOINT WARNING * * *
You feel sick. 😱 HP[-3]
You now have 32 max hp (-16).
You are lethally poisoned (1 -> -10).
You are unable to berserk.
You are flying quickly and evasively.
You are slowed.
Your flying speed is very slow.
Your attack delay is about 1.4.
It was a potion of cancellation.
Your magical effects are unravelling.
You feel magically purged.
You feel yourself speed up.
You die...

Skill      XL: |  1  2  3  4  5 |
---------------+----------------+-----
Throwing       | 1 2 3 |  3.5
Unarmed Combat | 4 5 |  5.4
Fighting       | |  3.0
Armour         | |  2.1
Dodging        | |  2.1

Action                   |  1- 3 |  4- 6 || total
-------------------------+-------+-------++-------
Melee: Unarmed           |    35 |    53 ||    88
       Kick              |    10 |    10 ||    20
       Punch             |     2 |       ||     2
       Peck              |     3 |     4 ||     7
Throw: Stone             |    70 |    42 ||   112
Invok: Berserk           |       |     3 ||     3
  Use: Potion            |       |     1 ||     1
Armor: Animal skin       |     5 |     8 ||    13
Dodge: Dodged            |    20 |    16 ||    36
Block: Buckler           |       |     5 ||     5

Levels and vault maps discovered:
D:1:      eino_arrival_water_cross, layout_rooms
D:2:      layout_rooms, uniq_crazy_yiuf_cottage
D:3:      layout_loops_ring, grunt_ministairs_14, minmay_crystal_room

Notes
Turn   | Place    | Note
-------+----------+-------------------------------------------
     0 | D:1      | spaghetti the Tengu Berserker began the quest for the Orb.
     0 | D:1      | Reached XP level 1. HP: 14/14 MP: 2/2
     0 | D:1      | magus.rc [v1.9.6]
   120 | D:1      | Reached XP level 2. HP: 10/19 MP: 3/3
   283 | D:1      | Reached skill level 1 in Throwing
   609 | D:2      | Reached skill level 4 in Unarmed Combat
   609 | D:2      | Reached XP level 3. HP: 23/23 MP: 4/4
   721 | D:2      | Reached skill level 2 in Throwing
   843 | D:2      | Reached XP level 4. HP: 23/28 MP: 5/5
   958 | D:2      | Reached ** piety under Trog
  1393 | D:2      | Found a runed translucent door.
  1394 | D:2      | Identified the +3 mace of Terra Cotta {freeze, rN+ Dex+3}
  1394 | D:2      | Noticed Crazy Yiuf
  1535 | D:2      | HP: 10/42 [Crazy Yiuf/+2 quarterstaff of chaos (12)]
  1536 | D:2      | HP: 3/42 [Crazy Yiuf/+2 quarterstaff of chaos (6)]
  1537 | D:2      | Killed Crazy Yiuf
  2059 | D:3      | Gained mutation: Your magical nature lets you fly swiftly
                  | and evasively. [Tengu growth]
  2059 | D:3      | Reached XP level 5. HP: 32/32 MP: 6/6
  2081 | D:3      | Reached skill level 3 in Throwing
  2081 | D:3      | Reached skill level 5 in Unarmed Combat
  2240 | D:3      | HP: 12/48 [poisoned by an orc wizard]
  2243 | D:3      | HP: 4/48 [poisoned by an orc wizard]
  2244 | D:3      | HP: 1/32 [poisoned by an orc wizard]
  2245 | D:3      | Succumbed to an orc wizard's poison

Vanquished Creatures
  An orc priest (D:3)
  Crazy Yiuf (D:2)
  An orc wizard (D:3)
  6 adders
  A worm (D:2)
  3 dart slugs (D:1)
  3 orcs (D:3)
  4 endoplasms
  4 giant cockroaches
  3 goblins
  2 hobgoblins (D:2)
  4 jackals (D:3)
  4 kobolds
  2 quokkas
  6 ball pythons
  A bat (D:1)
  3 frilled lizards
  4 rats
53 creatures vanquished.

Table legend:
 A = Non-vault XP
 B = Vault XP
 C = Vault XP percentage of total XP
 D = Non-vault monster count
 E = Vault monster count
 F = Vault count percentage of total count
                 A         B        C        D         E       F
            +---------+---------+-------+---------+---------+-------
      Total |     240 |      40 |  14.3 |      51 |       2 |   3.8
            +---------+---------+-------+---------+---------+-------
        D:1 |      39 |       0 |   0.0 |      13 |       0 |   0.0
        D:2 |      85 |      37 |  30.3 |      23 |       1 |   4.2
        D:3 |     116 |       3 |   2.5 |      15 |       1 |   6.2
            +---------+---------+-------+---------+---------+-------

Illustrated notes

Table legend:
 A = Kills in this place as a percentage of kills in entire the game.
 B = Kills by you in this place as a percentage of kills by you in the entire game.
 C = Kills by friends in this place as a percentage of kills by friends in the entire game.
 D = Other kills in this place as a percentage of other kills in the entire game.
 E = Experience gained in this place as a percentage of experience gained in the entire game.
 F = Experience gained in this place divided by the number of levels of this place that you have seen.
                   A       B       C       D       E      F
               +-------+-------+-------+-------+-------+----------------------
         Total | 100.0 | 100.0 |   N/A |   N/A | 100.0 |  93.3
       Dungeon | 100.0 | 100.0 |   N/A |   N/A | 100.0 |  93.3
               +-------+-------+-------+-------+-------+----------------------

Table legend: (Time is in decaauts)
 A = Elapsed time spent in this place.
 B = Non-inter-level travel time spent in this place.
 C = Inter-level travel time spent in this place.
 D = Time resting spent in this place.
 E = Time spent auto-exploring this place.
 F = Levels seen in this place.
 G = Mean time per level.
                   A        B        C        D        E       F      G
               +--------+--------+--------+--------+--------+-----+--------+
         Total |   2249 |   2186 |     63 |    781 |   1095 |   3 |  749.7 |
       Dungeon |   2249 |   2186 |     63 |    781 |   1095 |   3 |  749.7 |
               +--------+--------+--------+--------+--------+-----+--------+

Top non-repeatable levels by time:
     D:2: 1301 daAuts
     D:1: 685 daAuts
     D:3: 262 daAuts
